PCL
SANTA MONICA BRUINS @ MILE HIGH BRONCOS
08/18/2023
 
TOP OF THE 1ST
Santa Monica Bruins batting - Pitching for Mile High Broncos : LHP John Wilkins
Pitching: LHP John Wilkins
Batting: RHB Alonso Sánchez 0-0: Ball
1-0: Foul Ball, location: 2F
1-1: Swinging Strike
1-2: Ball
2-2: Strikes out looking
Batting: RHB Beco Lombo 0-0: Ball
1-0: Ball
2-0: Called Strike
2-1: Ball
3-1: Base on Balls
Batting: LHB Patrick Osborne 0-0: Ball
1-0: Foul Ball, location: 2F
1-1: Ball
2-1: SINGLE (Line Drive, 89S)
Beco Lombo to second
Batting: RHB Danny Crouch 0-0: Ball
1-0: Foul Ball, location: 2F
1-1: Called Strike
1-2: Strikes out looking
Batting: RHB Kuniaki Kawashima 0-0: Ball
1-0: Ball
2-0: Foul Ball, location: 2F
2-1: Ball
3-1: Foul Ball, location: 2F
3-2: Fly out, F7 (Line Drive, 7M)
Top of the 1st over - 0 run(s), 1 hit(s), 0 error(s), 2 left on base; Santa Monica 0 - Mile High 0
BOTTOM OF THE 1ST
Mile High Broncos batting - Pitching for Santa Monica Bruins : LHP Fernando Reyes
Pitching: LHP Fernando Reyes
Batting: RHB José Herrera 0-0: Ball
1-0: Ball
2-0: Foul Ball, location: 2F
2-1: Swinging Strike
2-2: Strikes out swinging
Batting: RHB Juan Jose Guevana 0-0: Foul Ball, location: 2F
0-1: Swinging Strike
0-2: Ball
1-2: Ball
2-2: Ball
3-2: Ground out 5-3 (Groundball, 5S)
Batting: RHB Phil White 0-0: Called Strike
0-1: Ball
1-1: Ball
2-1: Foul Ball, location: 2F
2-2: Ball
3-2: Ground out 6-3 (Groundball, 6)
Bottom of the 1st over - 0 run(s), 0 hit(s), 0 error(s), 0 left on base; Santa Monica 0 - Mile High 0
TOP OF THE 2ND
Santa Monica Bruins batting - Pitching for Mile High Broncos : LHP John Wilkins
Batting: RHB Salvador Salas 0-0: Called Strike
0-1: Ball
1-1: Fly out, F7 (Line Drive, 7M)
Batting: LHB Ken Poche 0-0: Called Strike
0-1: Called Strike
0-2: Foul Ball, location: 2F
0-2: Ball
1-2: Ball
2-2: Ball
3-2: Fly out, F8 (Line Drive, 8RD)
Batting: RHB Grant Jenkins 0-0: Ball
1-0: Fly out, F8 (Popup, 8RS)
Top of the 2nd over - 0 run(s), 0 hit(s), 0 error(s), 0 left on base; Santa Monica 0 - Mile High 0
BOTTOM OF THE 2ND
Mile High Broncos batting - Pitching for Santa Monica Bruins : LHP Fernando Reyes
Batting: RHB Ximena Campos 0-0: Ball
1-0: Called Strike
1-1: Ball
2-1: Foul Ball, location: 2F
2-2: Strikes out looking
Batting: RHB Damian Yates 0-0: Ball
1-0: Ball
2-0: Called Strike
2-1: DOUBLE (Flyball, 7LD)
Batting: RHB António Martínez 0-0: Called Strike
0-1: Ground out 4-3 (Groundball, 34)
Damian Yates to third
Batting: RHB Juan Gonzáles 0-0: Called Strike
0-1: Foul Ball, location: 2F
0-2: Ball
1-2: Ball
2-2: Foul Ball, location: 2F
2-2: Ball
3-2: Foul Ball, location: 2F
Balk!
Damian Yates scores
3-2: Ground out 4-3 (Groundball, 4M)
Bottom of the 2nd over - 1 run(s), 1 hit(s), 0 error(s), 0 left on base; Santa Monica 0 - Mile High 1
TOP OF THE 3RD
Santa Monica Bruins batting - Pitching for Mile High Broncos : LHP John Wilkins
Batting: RHB Iván De Jesús 0-0: Called Strike
0-1: Fly out, F3 (Line Drive, 3S)
Batting: RHB Alonso Sánchez 0-0: Called Strike
0-1: Fly out, F6 (Popup, 56D)
Batting: RHB Beco Lombo 0-0: Fly out, F8 (Flyball, 8RM)
Top of the 3rd over - 0 run(s), 0 hit(s), 0 error(s), 0 left on base; Santa Monica 0 - Mile High 1
BOTTOM OF THE 3RD
Mile High Broncos batting - Pitching for Santa Monica Bruins : LHP Fernando Reyes
Batting: RHB Jesús Espinoza 0-0: Fly out, F9 (Line Drive, 9M)
Batting: RHB Su-kweon Yu 0-0: Swinging Strike
0-1: Ball
1-1: Ball
2-1: Ball
3-1: Ground out 3-1 (Groundball, 34)
Batting: RHB José Herrera 0-0: DOUBLE (Line Drive, 9D)
Batting: RHB Juan Jose Guevana 0-0: Ground out 5-3 (Groundball, 5L)
Bottom of the 3rd over - 0 run(s), 1 hit(s), 0 error(s), 1 left on base; Santa Monica 0 - Mile High 1
TOP OF THE 4TH
Santa Monica Bruins batting - Pitching for Mile High Broncos : LHP John Wilkins
Batting: LHB Patrick Osborne 0-0: Called Strike
0-1: Foul Ball, location: 2F
0-2: Ball
1-2: Strikes out swinging
Batting: RHB Danny Crouch 0-0: Ball
1-0: Swinging Strike
1-1: Ball
2-1: Called Strike
2-2: Foul Ball, location: 2F
2-2: Ball
3-2: Foul Ball, location: 2F
3-2: Strikes out looking
Batting: RHB Kuniaki Kawashima 0-0: Ball
1-0: Called Strike
1-1: DOUBLE (Flyball, 78M)
Batting: RHB Salvador Salas 0-0: Fly out, F9 (Flyball, 9S)
Top of the 4th over - 0 run(s), 1 hit(s), 0 error(s), 1 left on base; Santa Monica 0 - Mile High 1
BOTTOM OF THE 4TH
Mile High Broncos batting - Pitching for Santa Monica Bruins : LHP Fernando Reyes
Batting: RHB Phil White 0-0: Ball
1-0: Ground out 6-3 (Groundball, 6)
Batting: RHB Ximena Campos 0-0: Called Strike
0-1: Ball
1-1: Fly out, F8 (Flyball, 8RD)
Batting: RHB Damian Yates 0-0: Ground out U3 (Groundball, 3S)
Bottom of the 4th over - 0 run(s), 0 hit(s), 0 error(s), 0 left on base; Santa Monica 0 - Mile High 1
TOP OF THE 5TH
Santa Monica Bruins batting - Pitching for Mile High Broncos : LHP John Wilkins
Batting: LHB Ken Poche 0-0: SINGLE (Groundball, 34S)
Batting: RHB Grant Jenkins 0-0: Called Strike
0-1: Ball
1-1: Ball
2-1: Foul Ball, location: 2F
2-2: Strikes out looking
Batting: RHB Iván De Jesús 0-0: Ball
1-0: Called Strike
1-1: Foul Ball, location: 2F
1-2: Ball
2-2: SINGLE (Groundball, 56)
Ken Poche to second
Batting: RHB Alonso Sánchez 0-0: Called Strike
0-1: Ball
1-1: Fly out, F8 (Flyball, 8RS)
Batting: RHB Beco Lombo 0-0: Ball
1-0: Ball
2-0: Called Strike
2-1: Foul Ball, location: 2F
2-2: Foul Ball, location: 2F
2-2: Fly out, F3 (Popup, 3SF)
Top of the 5th over - 0 run(s), 2 hit(s), 0 error(s), 2 left on base; Santa Monica 0 - Mile High 1
BOTTOM OF THE 5TH
Mile High Broncos batting - Pitching for Santa Monica Bruins : LHP Fernando Reyes
Batting: RHB António Martínez 0-0: Ground out 6-3 (Groundball, 6)
Batting: RHB Juan Gonzáles 0-0: Called Strike
0-1: Foul Ball, location: 2F
0-2: Ball
1-2: Ground out 5-3 (Groundball, 5)
Batting: RHB Jesús Espinoza 0-0: Ball
1-0: Ball
2-0: Foul Ball, location: 2F
2-1: Foul Ball, location: 2F
2-2: Fly out, F8 (Flyball, 8RD)
Bottom of the 5th over - 0 run(s), 0 hit(s), 0 error(s), 0 left on base; Santa Monica 0 - Mile High 1
TOP OF THE 6TH
Santa Monica Bruins batting - Pitching for Mile High Broncos : LHP John Wilkins
Batting: LHB Patrick Osborne 0-0: Ball
1-0: Swinging Strike
1-1: Foul Ball, location: 2F
1-2: Strikes out looking
Batting: RHB Danny Crouch 0-0: Called Strike
0-1: Ball
1-1: DOUBLE (Line Drive, 89D)
Batting: RHB Kuniaki Kawashima 0-0: Ball
1-0: Ball
2-0: Foul Ball, location: 2F
2-1: Fly out, F9 (Flyball, 9S)
Batting: RHB Salvador Salas 0-0: Fly out, F8 (Line Drive, 8RD)
Top of the 6th over - 0 run(s), 1 hit(s), 0 error(s), 1 left on base; Santa Monica 0 - Mile High 1
BOTTOM OF THE 6TH
Mile High Broncos batting - Pitching for Santa Monica Bruins : LHP Fernando Reyes
Batting: RHB Su-kweon Yu 0-0: Swinging Strike
0-1: SINGLE (Groundball, 6S)
Batting: RHB José Herrera 0-0: Ball
1-0: Ball
2-0: Fielders Choice at 2nd, 1-4 (Groundball, 15)
Batting: RHB Juan Jose Guevana 0-0: Called Strike
0-1: Ball
1-1: Ball
2-1: Swinging Strike
2-2: Fly out, F9 (Line Drive, 9M)
Batting: RHB Phil White 0-0: Ball
1-0: Called Strike
José Herrera steals 2nd base
1-1: Foul Ball, location: 2F
1-2: Strikes out swinging
Bottom of the 6th over - 0 run(s), 1 hit(s), 0 error(s), 1 left on base; Santa Monica 0 - Mile High 1
TOP OF THE 7TH
Santa Monica Bruins batting - Pitching for Mile High Broncos : LHP John Wilkins
Batting: LHB Ken Poche 0-0: Called Strike
0-1: Ground out 1-3 (Groundball, 25)
Batting: RHB Grant Jenkins 0-0: Swinging Strike
0-1: Ball
1-1: Ball
2-1: Foul Ball, location: 2F
2-2: Ball
3-2: Strikes out swinging
Batting: RHB Iván De Jesús 0-0: Foul Ball, location: 2F
0-1: SINGLE (Line Drive, 56D)
Pinch Hitting: RHB Motoshige Yagi 0-0: Called Strike
Iván De Jesús steals 2nd base
0-1: Ground out 5-3 (Groundball, 5L)
Top of the 7th over - 0 run(s), 1 hit(s), 0 error(s), 1 left on base; Santa Monica 0 - Mile High 1
BOTTOM OF THE 7TH
Mile High Broncos batting - Pitching for Santa Monica Bruins : LHP Fernando Reyes
Now in CF: Motoshige Yagi
Batting: RHB Ximena Campos 0-0: Ball
1-0: Ball
2-0: SINGLE (Line Drive, 3)
Batting: RHB Damian Yates 0-0: Ball
1-0: Ball
2-0: Ball
3-0: Base on Balls
Ximena Campos to second
Batting: RHB António Martínez 0-0: Called Strike
0-1: Ball
1-1: Ball
2-1: Grounds into double play, 4-6-3 (Groundball, 4)
Ximena Campos to third
Batting: RHB Juan Gonzáles 0-0: Called Strike
0-1: Foul Ball, location: 2F
0-2: Ball
1-2: Ground out 1-3 (Groundball, 15)
Bottom of the 7th over - 0 run(s), 1 hit(s), 0 error(s), 1 left on base; Santa Monica 0 - Mile High 1
TOP OF THE 8TH
Santa Monica Bruins batting - Pitching for Mile High Broncos : LHP John Wilkins
Pitching: RHP Myoung-chul Im
Now at SS: Tom Stevens
Batting: RHB Beco Lombo 0-0: Foul Ball, location: 2F
0-1: Ball
1-1: Foul Ball, location: 2F
1-2: Strikes out swinging
Batting: LHB Patrick Osborne 0-0: Fly out, F8 (Flyball, 8RD)
Batting: RHB Danny Crouch 0-0: Ball
1-0: Foul Ball, location: 2F
1-1: Fly out, F8 (Flyball, 89D)
Top of the 8th over - 0 run(s), 0 hit(s), 0 error(s), 0 left on base; Santa Monica 0 - Mile High 1
BOTTOM OF THE 8TH
Mile High Broncos batting - Pitching for Santa Monica Bruins : LHP Fernando Reyes
Batting: RHB Jesús Espinoza 0-0: Ball
1-0: DOUBLE (Groundball, 5L)
Batting: RHB Su-kweon Yu 0-0: Ball
1-0: Ball
2-0: Foul Ball, location: 2F
2-1: Ball
3-1: Base on Balls
Batting: RHB José Herrera 0-0: Foul Ball, location: 2F
0-1: Ball
1-1: Called Strike
1-2: Ball
2-2: Foul Ball, location: 2F
2-2: Strikes out swinging
Pitching: RHP Estefan Jiménez
Batting: RHB Juan Jose Guevana 0-0: Ball
1-0: Called Strike
1-1: Ball
2-1: Foul Ball, location: 2F
2-2: Ball
3-2: SINGLE (Line Drive, 8LS)
Jesús Espinoza to third
Su-kweon Yu to second
Runner from 3rd tries for Home, throw and OUT!
Su-kweon Yu to third
Juan Jose Guevana to second
Batting: RHB Phil White 0-0: Swinging Strike
0-1: Called Strike
0-2: Ball
1-2: Ball
2-2: Foul Ball, location: 2F
2-2: Strikes out looking
Bottom of the 8th over - 0 run(s), 2 hit(s), 0 error(s), 2 left on base; Santa Monica 0 - Mile High 1
TOP OF THE 9TH
Santa Monica Bruins batting - Pitching for Mile High Broncos : RHP Myoung-chul Im
Pitching: RHP Yong-taek Yi
Pinch Hitting: LHB Matsusuke Yamasaki 0-0: Ball
1-0: DOUBLE (Flyball, 78XD)
Pinch Hitting: LHB Germán Charfauros 0-0: Sac Bunt - play at first, batter OUT! 2-3
Matsusuke Yamasaki to third
Batting: LHB Ken Poche 0-0: Ball
1-0: Swinging Strike
1-1: Ball
2-1: Ball
3-1: Foul Ball, location: 2F
3-2: Base on Balls
Pinch Hitting: RHB Pablo Peńa 0-0: Foul Ball, location: 2F
0-1: 3-RUN HOME RUN (Flyball, 7D), Distance : 439 ft
Pitching: RHP Cristo Canó
Batting: RHB Iván De Jesús 0-0: Swinging Strike
0-1: Swinging Strike
0-2: Foul Ball, location: 2F
0-2: Strikes out looking
Batting: RHB Motoshige Yagi 0-0: Ball
1-0: Swinging Strike
1-1: Foul Ball, location: 2F
1-2: Ball
2-2: Foul Ball, location: 2F
2-2: Fly out, F4 (Popup, 3DF)
Top of the 9th over - 3 run(s), 2 hit(s), 0 error(s), 0 left on base; Santa Monica 3 - Mile High 1
BOTTOM OF THE 9TH
Mile High Broncos batting - Pitching for Santa Monica Bruins : RHP Estefan Jiménez
Pitching: RHP Manuel López
Now at C: Pablo Peńa
Now at 2B: Armando Méndez
Now at SS: Bill Savage
Batting: RHB Ximena Campos 0-0: Ball
1-0: Called Strike
1-1: Fly out, F3 (Popup, 3F)
Batting: RHB Damian Yates 0-0: Fly out, F7 (Flyball, 78D)
Batting: SHB Tom Stevens 0-0: Ground out 1-3 (Groundball, 13)
Bottom of the 9th over - 0 run(s), 0 hit(s), 0 error(s), 0 left on base; Santa Monica 3 - Mile High 1
This league is powered by Out of the Park Baseball, the baseball management simulation game for PC, Mac and Linux
Wednesday, December 2nd, 2015 - OOTP Baseball 16.8 Build 38